Map: Battle on the Boardwalk LE

Players

SamuraiFunn - Winner!

  • Race: Protoss Protoss
  • Spawn Location: 11:00

A.I. 1 (Elite)

  • Race: Zerg Zerg
  • Spawn Location: 1:00

VOD

Have the link to the VOD?

Description

Time

  • Played on: Nov. 24, 2017, 11:16 p.m.
  • Length: 9:29
Show
View Real Time Build Order
Export as new Build Order

SamuraiFunn Protoss - Winner!

Build Orders: 1 Gate Expand 

Get SALT Encoding   

  12  0:01  Probe  
  13  0:13  Probe  
  14  0:19  Pylon  
  14  0:25  Probe  
  15  0:33  Assimilator  
  15  0:37  Probe  
  16  0:47  Gateway  
  16  0:49  Probe (Chrono Boost)  
  18  0:59  Probe (Chrono Boost)  
  18  1:03  Probe  
  19  1:05  Assimilator  
  19  1:29  Nexus  
  19  1:40  Cybernetics Core  
  19  1:45  Zealot  
  21  1:50  Probe  
  22  2:01  Pylon  
  22  2:04  Probe  
  23  2:19  Probe  
  24  2:23  Warp Gate (Chrono Boost)  
  24  2:32  Probe  
  25  2:41  Gateway  
  25  2:43  Probe  
  25  2:44  Probe  
  27  2:51  Assimilator  
  27  2:55  Probe  
  27  2:56  Probe  
  29  3:01  Pylon  
  29  3:08  Probe x2  
  31  3:23  Probe x2, Stargate  
  31  3:25  Stargate  
  33  3:41  Assimilator  
  33  3:42  Probe  
  34  3:52  Probe  
  34  3:54  Probe  
  36  4:09  Void Ray x2 (Chrono Boost)  
  42  4:16  Probe  
  41  4:55  Pylon  
  41  5:10  Nexus  
  41  5:36  Pylon  
  41  5:38  Pylon  
  41  5:39  Pylon  
  41  5:53  Void Ray  
  41  5:54  Probe  
  41  5:55  Void Ray  
  50  6:02  Zealot  
  50  6:03  Zealot  
  54  6:06  Probe  
  55  6:18  Probe  
  56  6:36  Void Ray  
  56  6:38  Void Ray  
  64  7:19  Void Ray  
  64  7:21  Void Ray  
  68  7:43  Gateway x2  
  68  7:46  Gateway  
  68  7:48  Stargate  
  68  7:49  Stargate  
  68  7:53  Probe x2  
  70  8:05  Probe  
  70  8:06  Probe  
  70  8:18  Probe x2  
  70  8:30  Probe x2  
  70  8:42  Probe x2  
Show
View Real Time Build Order
Export as new Build Order

A.I. 1 (Elite) Zerg 

Build Orders: Pool First 

Get SALT Encoding   

  12  0:00  Drone  
  13  0:12  Overlord  
  13  0:16  Drone  
  14  0:30  Drone  
  15  0:41  Drone, Spawning Pool  
  15  0:45  Drone  
  16  0:50  Drone  
  16  0:53  Extractor  
  16  0:56  Drone  
  17  1:06  Drone  
  18  1:17  Drone  
  19  1:29  Queen  
  19  1:31  Zergling x2, Roach Warren  
  21  1:38  Overlord  
  21  1:49  Drone  
  22  2:00  Overlord  
  22  2:11  Roach  
  24  2:21  Roach  
  26  2:32  Roach  
  26  2:35  Hatchery  
  26  2:36  Roach  
  29  2:39  Drone  
  30  2:45  Roach  
  30  2:50  Roach  
  34  2:58  Overlord  
  34  3:05  Roach  
  36  3:08  Roach  
  38  3:16  Roach  
  38  3:18  Roach  
  42  3:23  Roach  
  44  3:29  Roach  
  46  3:39  Overlord  
  46  3:46  Roach x2  
  51  3:48  Zergling x2  
  51  4:08  Lair  
  50  4:18  Zergling x2  
  50  4:24  Extractor  
  50  4:25  Extractor  
  50  4:26  Drone  
  50  4:27  Drone  
  51  4:32  Drone  
  51  4:38  Overlord  
  52  4:43  Drone  
  53  4:46  Drone  
  53  4:49  Drone  
  45  4:53  Drone  
  45  4:56  Drone  
  40  5:00  Drone  
  40  5:02  Drone  
  40  5:06  Drone  
  38  5:10  Hydralisk Den  
  38  5:11  Roach  
  38  5:15  Zergling x2  
  38  5:20  Roach  
  39  5:23  Zergling x2  
  39  5:25  Roach  
  39  5:26  Roach  
  40  5:35  Drone  
  40  5:38  Hydralisk, Drone  
  43  5:44  Hydralisk  
  43  5:49  Hydralisk  
  45  5:55  Hydralisk  
  49  5:58  Drone  
  49  6:00  Zergling x2  
  48  6:05  Roach  
  48  6:07  Zergling x2  
  44  6:11  Roach  
  44  6:15  Roach  
  42  6:19  Roach  
  42  6:24  Hydralisk  
  42  6:29  Hydralisk  
  40  6:34  Roach  
  40  6:37  Zergling x2  
  40  6:40  Zergling x2  
  40  6:42  Drone  
  40  6:46  Drone  
  40  6:48  Drone  
  32  6:56  Roach  
  33  7:02  Roach  
  33  7:06  Drone  
  35  7:10  Drone  
  35  7:15  Zergling x2  
  32  7:19  Zergling x2  
Tags
 
Add a new tag
Caveats
  • Supply blocks, unpowered buildings, or Contaminate may cause inaccurate times.
  • Supply counts are checked every 10 seconds.